 Dungeon Crawl Stone Soup version 0.30-a0-808-g6e0788376e (webtiles) character file.

Game seed: 283928442383887669

8481 cforsyth the Covert (level 11, -15/64 HPs)
             Began as a Kobold Brigand on Feb 27, 2023.
             Was a Priest of Hepliaklqana.
             Killed from afar by an acid dragon (27 damage)
             ... with a splash of acid
             ... on level 11 of the Dungeon.
             The game lasted 00:18:24 (12059 turns).

cforsyth the Covert (Kobold Brigand)               Turns: 12059, Time: 00:18:25

Health: -15/64     AC:  8    Str: 10    XL:     11   Next: 56%
Magic:  11/11      EV: 21    Int: 19    God:    Hepliaklqana [***...]
Gold:   1779       SH:  0    Dex: 20    Spells: 10/10 levels left

rFire   . . .      SeeInvis .    a - +3 dagger
rCold   . . .      Faith    .    (no shield)
rNeg    + . .      Spirit   .    E - +0 troll leather armour
rPois   +          Reflect  .    m - +1 helmet of Grace {rN+ Will+ Int+4}
rElec   +          Harm     .    c - +1 cloak
rCorr   .          Rampage  .    y - +1 pair of gloves "Zecoo" {Contam +Blink rElec rPois Int+3}
Will    +....                    F - +1 pair of boots
Stlth   ++++++                   (no amulet)
HPRegen 1.10/turn                (no ring)
MPRegen 0.12/turn                (no ring)

@: corroded
A: reduced essence, small, no large weapons, nightstalker 3
a: Renounce Religion, Evoke Blink, Recall Ancestor, Ancestor Identity,
Transference


You were on level 11 of the Dungeon.
You worshipped Hepliaklqana.
Hepliaklqana was most pleased with you.
You visited 2 branches of the dungeon, and saw 12 of its levels.

You collected 2414 gold pieces.
You spent 635 gold pieces at shops.

Inventory:

Hand Weapons
 a - a +3 dagger (weapon)
Missiles
 d - 18 poisoned darts (quivered)
 e - 3 curare-tipped darts
 p - 4 throwing nets
Armour
 c - a +1 cloak (worn)
 f - a +2 pair of gloves
 g - a +2 robe of fire resistance
 m - the +1 helmet of Grace (worn) {rN+ Will+ Int+4}
   (You bought it in a shop on level 6 of the Dungeon)

   Int:       It affects your intelligence (+4).
   rN:        It protects you from negative energy.
   Will:      It increases your willpower.
 y - the +1 pair of gloves "Zecoo" (worn) {Contam +Blink rElec rPois Int+3}
   (You bought it in a shop on level 6 of the Dungeon)

   Int:       It affects your intelligence (+3).
   rElec:     It insulates you from electricity.
   rPois:     It protects you from poison.
   +Blink:    It lets you blink.
   Contam:    It causes magical contamination when unequipped.
 E - a +0 troll leather armour (worn)
 F - a +1 pair of boots (worn)
 G - the +3 scale mail "Acuedih" {rCorr}
   (You bought it in a shop on level 6 of the Dungeon)

   rCorr:     It protects you from acid and corrosion.
Jewellery
 z - a +6 ring of dexterity
 A - an amulet of magic regeneration
 D - a ring of flight
Wands
 q - a wand of paralysis (26)
 H - a wand of polymorph (5)
 I - a wand of flame (13)
Scrolls
 b - 2 scrolls of identify
 i - 2 scrolls of enchant weapon
 k - a scroll of torment
 n - 6 scrolls of poison
 o - 2 scrolls of immolation
 w - 2 scrolls of enchant armour
 B - a scroll of teleportation {unknown}
 C - 2 scrolls of fear
 J - 3 scrolls of amnesia
 M - a scroll of vulnerability
Potions
 h - 5 potions of might
 j - 2 potions of berserk rage
 l - a potion of heal wounds
 r - 4 potions of curing
 s - 2 potions of attraction
 t - a potion of haste
 u - 3 potions of lignification
 v - a potion of brilliance
 x - a potion of magic
 L - a potion of invisibility


   Skills:
 + Level 9.8 Fighting
 + Level 11.6 Short Blades
 - Level 2.1 Throwing
 + Level 10.4 Dodging
 + Level 13.2 Stealth


You had 10 spell levels left.
You didn't know any spells.
Your spell library contained the following spells:

 Spells                   Type           Power      Damage    Failure   Level
 Blink                    Tloc           0%         N/A       38%         2
 Lesser Beckoning         Tloc           0%         N/A       38%         2
 Momentum Strike          Conj/Tloc      0%         3d8       38%         2


Dungeon Overview and Level Annotations

Branches:
Dungeon (11/15)            Temple (1/1) D:5
   Lair: D:8-11         Orc: D:9-12

Altars:
Ashenzari
Cheibriados
Dithmenos
Elyvilon
Fedhas
Gozag
Hepliaklqana
Kikubaaqudgha
Makhleb
Nemelex Xobeh
Okawaru
Qazlal
Ru
Sif Muna
Trog
Uskayaw
Vehumet
Wu Jian
Xom
Yredelemnul
Zin
The Shining One

Shops:
D:5 *(   D:6 *[*   D:9 *

Annotations:
D:7 1 runed translucent door
D:8 3 runed translucent doors
D:9 2 transporters


Innate Abilities, Weirdness & Mutations

Your life essence is reduced to manifest your ancestor. (-10% HP)
You are small and have problems with some larger weapons.
You are completely attuned to the shadows.


Message History

The vampire mosquito bites you!
* * * LOW HITPOINT WARNING * * *
The vampire mosquito draws strength from your injuries!
The vampire mosquito attacks as you move away!
The vampire mosquito completely misses you.
The vampire mosquito misses you.
The vampire mosquito bites Septimus.
The vampire mosquito closely misses you.
Septimus hits the vampire mosquito with a +0 dagger of draining.
Unknown command.
Unknown command.
You feel much better. The vampire mosquito bites you.
The vampire mosquito barely misses you. The vampire mosquito bites you!
* * * LOW HITPOINT WARNING * * *
The vampire mosquito draws strength from your injuries!
The vampire mosquito bites Septimus.
Septimus casts a spell at the vampire mosquito.
The vampire mosquito seems to slow down.
The vampire mosquito barely misses you.
Unknown command.
Unknown command.
You barely miss the vampire mosquito. The vampire mosquito bites you!
* * * LOW HITPOINT WARNING * * *
The vampire mosquito draws strength from your injuries!
The vampire mosquito bites Septimus.
The vampire mosquito closely misses you.
Septimus casts a spell at the vampire mosquito.
The vampire mosquito resists with some effort.
Unknown command.
You barely miss the acid dragon.
The acid dragon is moderately wounded.
The vampire mosquito misses you.
The vampire mosquito completely misses you.
Unknown command.
You hit the acid dragon but do no damage.
The acid dragon is moderately wounded.
The vampire mosquito bites Septimus.
The vampire mosquito closely misses you.
The acid dragon spits acid at you. The splash of acid hits you!!
You die...

#..........# #.
..........# #.
..........# #.
...........# #.
...........# #.
...........# #.
........>..# #.
...yyyD....##########.
...†R@................
....#####.............
.... #...########..
.... #...# #.. #...#
#.> #...# #.. ......#
#...# #.. .......#
#...# #.. #........#
#...# #..


You could see the friendly Septimus the hexer, an acid dragon (catching breath)
and 3 vampire mosquitoes.

Vanquished Creatures
  A two-headed ogre (D:9)
  A skeletal warrior (D:11)
  Joseph (D:9)
  A troll (D:8)
  A hornet (D:7)
  A shadow (D:10)
  A vampire (D:10)
  A wraith (D:10)
  A wyvern (D:8)
  13 yaks
  A vampire mosquito (D:11)
  Edmund (D:4)
  An acid dragon (D:10)
  3 orc warriors
  An ice beast (D:10)
  A black bear (D:5)
  A centaur (D:5)
  3 necrophages
  4 gnoll sergeants
  2 bullfrogs (D:7)
  2 scorpions (D:5)
  4 wights
  3 howler monkeys
  2 hounds
  2 jellies
  6 orc priests
  A gnoll bouda (D:7)
  4 iguanas
  6 orc wizards
  10 adders
  11 gnolls
  A shadow imp (D:7)
  2 white imps
  A howler monkey simulacrum (D:10)
  A worm (D:5)
  2 dart slugs
  29 orcs
  6 bats
  13 endoplasms
  5 giant cockroaches
  2 goblins
  8 hobgoblins
  4 jackals (D:2)
  6 kobolds
  8 quokkas
  8 ball pythons
  8 frilled lizards
  6 rats
201 creatures vanquished.

Vanquished Creatures (collateral kills)
  7 yaks
  A centaur (D:7)
  A wight (D:7)
  A howler monkey (D:7)
  A jelly (D:7)
  3 orc wizards (D:9)
  8 gnolls
  A white imp (D:10)
  3 ufetubi (D:10)
  An orc (D:9)
27 creatures vanquished.

Vanquished Creatures (others)
  2 hexers
  2 ancestors
  9 plants
13 creatures vanquished.

Grand Total: 241 creatures vanquished

Notes
Turn   | Place    | Note
-------+----------+-------------------------------------------
     0 | D:1      | cforsyth the Kobold Brigand began the quest for the Orb.
     0 | D:1      | Reached XP level 1. HP: 12/12 MP: 1/1
   110 | D:1      | Reached XP level 2. HP: 11/18 MP: 2/2
   352 | D:1      | Reached XP level 3. HP: 22/22 MP: 3/3
   948 | D:2      | Reached XP level 4. HP: 27/27 MP: 4/4
  1187 | D:2      | Reached skill level 6 in Stealth
  1658 | D:3      | Reached XP level 5. HP: 25/32 MP: 5/5
  2697 | D:3      | Reached XP level 6. HP: 37/37 MP: 6/6
  3523 | D:4      | Noticed Edmund
  3527 | D:4      | Killed Edmund
  3528 | D:4      | Reached skill level 5 in Short Blades
  3528 | D:4      | Reached skill level 7 in Stealth
  3568 | D:5      | Entered Level 5 of the Dungeon
  3692 | D:5      | Reached XP level 7. HP: 43/43 MP: 7/7
  3839 | D:5      | Found a staircase to the Ecumenical Temple.
  4373 | D:5      | Reached skill level 5 in Fighting
  4373 | D:5      | Reached XP level 8. HP: 14/49 MP: 8/8
  4608 | Temple   | Entered the Ecumenical Temple
  4611 | Temple   | Found a transporter.
  4611 | Temple   | Found a transporter.
  4613 | Temple   | Found a transporter.
  4613 | Temple   | Found a transporter.
  4664 | Temple   | Became a worshipper of Hepliaklqana the Forgotten
  4720 | D:5      | Found Hekumyqa's Weapon Emporium.
  4730 | D:5      | Reached skill level 8 in Stealth
  4746 | D:5      | Reached skill level 5 in Dodging
  4903 | D:5      | Found Riyqu's General Store.
  5455 | D:6      | Found an ancient bone altar of Kikubaaqudgha.
  5536 | D:6      | Identified a scroll of acquirement
  5536 | D:6      | Acquired 1181 gold pieces
  6501 | D:6      | Found Kufokk's Assorted Antiques.
  6503 | D:6      | Found Tatet's Antique Armour Shop.
  6505 | D:6      | Found Jififfe's General Store.
  6649 | D:6      | Reached * piety under Hepliaklqana
  6849 | D:6      | Bought a dazzling helmet for 247 gold pieces
  6849 | D:6      | Identified the +1 helmet of Grace {rN+ Will+ Int+4} (You
                  | bought it in a shop on level 6 of the Dungeon)
  6856 | D:6      | Bought a pair of shimmering gloves for 199 gold pieces
  6856 | D:6      | Identified the +1 pair of gloves "Zecoo" {Contam +Blink
                  | rElec rPois Int+3} (You bought it in a shop on level 6 of
                  | the Dungeon)
  7029 | D:7      | Reached skill level 9 in Stealth
  7064 | D:6      | HP: 1/42 [wight/+0 hand axe (5)]
  7083 | D:6      | Reached XP level 9. HP: 28/48 MP: 9/9
  7542 | D:7      | Noticed a hornet
  7546 | D:7      | Killed a hornet
  7547 | D:7      | Reached skill level 10 in Stealth
  7609 | D:7      | Found a hide-covered altar of Uskayaw.
  7661 | D:7      | Found a runed translucent door.
  8447 | D:8      | Noticed a troll
  8455 | D:8      | Killed a troll
  8670 | D:6      | Bought a heavily runed scale mail for 189 gold pieces
  8670 | D:6      | Identified the +3 scale mail "Acuedih" {rCorr} (You bought
                  | it in a shop on level 6 of the Dungeon)
  9456 | D:8      | Found a sparkling altar of Nemelex Xobeh.
  9501 | D:8      | Found a runed translucent gate.
  9502 | D:8      | Found a runed translucent gate.
  9504 | D:8      | Found a runed translucent gate.
  9571 | D:9      | Reached XP level 10. HP: 56/56 MP: 10/10
  9625 | D:9      | Reached skill level 11 in Stealth
  9685 | D:9      | Found Cerur's Neck Hole.
  9706 | D:9      | Found a transporter.
  9732 | D:9      | Reached ** piety under Hepliaklqana
  9733 | D:9      | Remembered your ancestor Septimus as a hexer
  9778 | D:9      | Reached skill level 10 in Short Blades
  9801 | D:9      | Found a transporter.
  9825 | D:9      | Noticed Joseph
  9841 | D:9      | Killed Joseph
 10242 | D:9      | Noticed a two-headed ogre
 10249 | D:9      | Killed a two-headed ogre
 10250 | D:9      | Reached skill level 12 in Stealth
 10490 | D:9      | Reached XP level 11. HP: 62/62 MP: 11/11
 10671 | D:10     | Entered Level 10 of the Dungeon
 11248 | D:10     | Reached skill level 10 in Dodging
 11518 | D:10     | Reached *** piety under Hepliaklqana
 11594 | D:10     | Reached skill level 13 in Stealth
 11651 | D:11     | Noticed a skeletal warrior
 11652 | D:11     | Noticed a skeletal warrior
 11654 | D:11     | Noticed a skeletal warrior
 11815 | D:11     | Identified the +10 sling "Laboddiu" {heavy, rPois rC+}
 11848 | D:11     | Noticed a skeletal warrior
 11849 | D:11     | Noticed a skeletal warrior
 11852 | D:11     | Killed a skeletal warrior
 11986 | D:11     | Acquired 506 gold pieces
 12059 | D:11     | Killed from afar by an acid dragon

Illustrated notes

Levels and vault maps discovered:
D:1:      shiori_arrival_oz, layout_loops_ring
D:2:      layout_loops_corners
D:3:      layout_loops_ring, st_stairs_11, minmay_cupped
D:4:      layout_gridville, minmay_misc_feat_pillars, uniq_edmund
D:5:      layout_rooms, minmay_temple_entry_mini_moons, serial_shops,
          nicolae_shop_bloodbath_and_beyond, shop
D:6:      layout_basic, kiku_gazebo_garden_becter, kennysheep_donut,
          minmay_misc_feat_encased, dk_noncrumbling_3, nicolae_wooded_promenade,
          minmay_lizard_king
D:7:      layout_basic, kennysheep_mini_moat, ebering_ghost_reflecting_pool,
          serial_curves, eino_curves_03, eino_curves_04,
          minmay_misc_feat_square, minmay_stone_trees_small,
          serial_bayou_crossing
D:8:      layout_basic, nemelex_diamond_rough_becter, gammafunk_ghost_necromancy
D:9:      minmay_goldmine, layout_basic, gammafunk_ghost_berserking_beasts,
          nicolae_shop_sticking_my_neck_out, uniq_joseph
D:10:     layout_basic, serial_ice, serial_ice_e, serial_ice_b, serial_ice_f,
          serial_ice_m
D:11:     layout_long_grid, erik_lair_orcish_takeover,
          minmay_orc_entry_guard_dogs
Temple:   hellmonk_temple_divided_pantheon

Skill      XL: |  1  2  3  4  5  6  7  8  9 10 11 |
---------------+----------------------------------+-----
Short Blades   | 3 4 5 6 7 9 10 11 | 11.6
Dodging        | 2 3 4 6 7 9 10 | 10.4
Stealth        | 6 7 9 10 12 13 | 13.2
Fighting       | 3 4 5 6 7 8 9 |  9.8
Throwing       | |  2.1

Action                     |  1- 3 |  4- 6 |  7- 9 | 10-12 || total
---------------------------+-------+-------+-------+-------++-------
  Melee: Dagger            |    82 |   168 |   418 |   468 ||  1136
         Punch             |       |     2 |     8 |    10 ||    20
 Invoke: Recall Ancestor   |       |       |     1 |       ||     1
         Ancestor Life: He |       |       |       |     1 ||     1
    Use: Scroll            |       |     8 |     8 |     7 ||    23
         Potion            |       |       |     5 |     2 ||     7
   Stab: Sleeping          |    17 |    35 |    23 |     8 ||    83
         Distracted        |     1 |     1 |     3 |     7 ||    12
         Confused          |       |       |       |     9 ||     9
 Armour: Robe              |    37 |    44 |   102 |       ||   183
         Troll leather arm |       |       |     2 |    70 ||    72
  Dodge: Dodged            |    64 |   120 |   280 |   348 ||   812

Table legend: (Time is in decaauts)
 A = Elapsed time spent in this place.
 B = Non-inter-level travel time spent in this place.
 C = Inter-level travel time spent in this place.
 D = Time resting spent in this place.
 E = Time spent auto-exploring this place.
 F = Levels seen in this place.
 G = Mean time per level.
                   A        B        C        D        E       F      G
               +--------+--------+--------+--------+--------+-----+--------+
         Total |  11654 |  11050 |    604 |   2061 |   6886 |  12 |  971.2 |
       Dungeon |  11579 |  10983 |    596 |   2061 |   6861 |  11 | 1052.6 |
        Temple |     74 |     66 |      8 |      0 |     25 |   1 |   74.0 |
               +--------+--------+--------+--------+--------+-----+--------+

Top non-repeatable levels by time:
     D:5: 1599 daAuts
     D:4: 1520 daAuts
     D:6: 1495 daAuts
     D:3: 1087 daAuts
     D:7: 1047 daAuts
     D:9: 1042 daAuts
     D:8: 933 daAuts
    D:10: 909 daAuts
     D:2: 861 daAuts
     D:1: 747 daAuts
    D:11: 333 daAuts
  Temple: 74 daAuts
